 Dungeon Crawl Stone Soup version 0.17.2-1-ge4368a0 (webtiles) character file.

73 Goblin1989 the Covert (level 4, 0/22 HPs)
             Began as a Spriggan Assassin on Oct 24, 2016.
             Slain by an orc
             ... wielding a +0 flail
              (8 damage)
             ... on level 3 of the Dungeon.
             The game lasted 00:06:45 (1737 turns).

Goblin1989 the Covert (Spriggan Assassin)           Turns: 1737, Time: 00:06:45

Health: 0/22       AC:  3    Str:  7    XL:     4   Next: 8%
Magic:  5/5        EV: 17    Int: 12    God:
Gold:   143        SH:  0    Dex: 18    Spells: 0 memorised, 3 levels left

rFire  . . .     SeeInvis +     a - +2 dagger
rCold  . . .     Clarity  .     c - +0 robe
rNeg   . . .     SustAt   .     (shield restricted)
rPois  .         Gourm    .     (helmet restricted)
rElec  .         Spirit   .     d - +0 cloak
rCorr  .         Warding  .     (gloves unavailable)
rMut   .         Stasis   .     (boots unavailable)
MR     .....                    (no amulet)
Stlth  +++++.....               (no ring)
                                (no ring)

@: very quick, not resistant to hostile enchantments, quite stealthy
A: unfitting armour, see invisible, herbivore 3, speed 3, slow metabolism 2
a: no special abilities


You were on level 3 of the Dungeon.
You were not hungry.

You visited 1 branch of the dungeon, and saw 3 of its levels.

You collected 143 gold pieces.

Inventory:

Hand Weapons
 a - a +2 dagger (weapon)
 i - a +0 club
 j - a +0 dagger
 k - a cursed -2 club
 l - a +0 whip
 n - a +0 club
 o - a cursed -2 dagger
 s - a +0 club
 v - a cursed -1 hand axe
 w - a +0 blowgun {@w1}
 y - a +0 hunting sling
 B - a +0 club
 E - a +0 long sword
 H - a +0 club
 I - a +0 club
 J - a +0 hunting sling
Missiles
 b - 46 stones (quivered)
 e - 13 poisoned needles
 f - 2 curare-tipped needles
 x - 4 javelins of returning
 G - 17 bolts
 K - 6 sling bullets
 L - 8 tomahawks
 M - 17 poisoned sling bullets
Armour
 c - a +0 robe (worn)
 d - a +0 cloak (worn)
 t - a +0 leather armour
 u - a +0 robe
 A - a +0 leather armour
Scrolls
 h - a scroll of teleportation {unknown}
 q - a scroll of enchant armour {unknown}
 C - a scroll of identify {unknown}
 F - a scroll of remove curse {unknown}
Potions
 p - a potion of flight {unknown}
 r - a potion of degeneration {unknown}
 z - a potion of heal wounds {unknown}
 D - a potion of resistance {unknown}
Comestibles
 g - a bread ration {@e1}
 m - 2 royal jellies


   Skills:
 - Level 1.5 Fighting
 - Level 2.1 Short Blades
 - Level 2.0 Throwing
 - Level 1.5 Dodging
 + Level 8.6 Stealth


You had 3 spell levels left.
You didn't know any spells.

Dungeon Overview and Level Annotations

Branches:
Dungeon (3/15)

Altars:


Innate Abilities, Weirdness & Mutations

You are tiny and cannot use many weapons and most armour.
You have supernaturally acute eyesight.
You are a herbivore.
You cover ground extremely quickly.
You need consume almost no food.


Message History

You hit the orc but do no damage.
The orc is lightly wounded.
The orc closely misses you.
You completely miss the orc.
The orc is lightly wounded.
You hit the orc.
The orc is heavily wounded.
The orc misses you.
You hit the orc but do no damage.
The orc is heavily wounded.
The orc closely misses you.
You hit the orc.
The orc is severely wounded.
The orc barely misses you.
You hit the orc.
The orc is almost dead.
You hit the orc but do no damage.
The orc is almost dead.
The orc hits you with a flail!
You die...

█.█.█ .. █.█ █.█.█ █.
█.█ █.█.█ █.
█.█████.█.██████
██.██$██...........█
██...█.██<██.█.████.█
██......██.██.█.█
.█<......██.██.█.█
..........).o@.█.█
██.......██.████.█
█......███.█ █.█
.......██ █.█ ██.██
..██..█ █.███...██ .
█.. █.██.....██.█ █.█
█...........█
.██████████.....████
█............██


You could see an orc.

Vanquished Creatures
  2 adders (D:2)
  2 oozes (D:2)
  A worm (D:2)
  3 orcs (D:3)
  2 bats (D:1)
  4 giant cockroaches
  3 goblins (D:2)
  4 hobgoblins
  4 jackals (D:2)
  6 kobolds
  A giant newt (D:1)
  8 rats
40 creatures vanquished.

Notes
Turn   | Place    | Note
--------------------------------------------------------------
     0 | D:1      | Goblin1989 the Spriggan Assassin began the quest for the Orb.
     0 | D:1      | Reached XP level 1. HP: 10/10 MP: 2/2
    79 | D:1      | Reached skill level 6 in Stealth
   283 | D:1      | Reached XP level 2. HP: 14/14 MP: 3/3
   606 | D:1      | Reached skill level 7 in Stealth
   765 | D:2      | You fall through a shaft!
   779 | D:3      | Reached XP level 3. HP: 12/18 MP: 4/4
   914 | D:2      | Found a faded altar to an unknown god.
  1138 | D:2      | Reached skill level 8 in Stealth
  1381 | D:2      | Reached XP level 4. HP: 9/22 MP: 5/5
  1737 | D:3      | Slain by an orc

Action                   |  1- 3 |  4- 6 || total
-------------------------+-------+-------++-------
Melee: Dagger            |    87 |    28 ||   115
 Fire: Blowgun           |    12 |       ||    12
 Stab: Sleeping          |    14 |       ||    14

Vault maps used:
D:1:      lightli_arrival_quake, minmay_misc_feat_more_columns, st_stairs_7
D:2:      ecumenical_altar_1, kennysheep_pointless_box
D:3:      grunt_temple_overflow_open, first_bread, corexii_shack,
          okawaru_ov_weapons_minmay
